 Dungeon Crawl Stone Soup version 0.28.0-47-ge53b351184 (webtiles) character file.

Game seed: 7584791163618138479

4363 GigaChad the Carver (level 10, -1/88 HPs)
             Began as a Minotaur Fighter on May 2, 2022.
             Was a Plaything of Xom.
             Slain by a six-headed hydra (3 damage)
             ... on level 10 of the Dungeon.
             The game lasted 00:31:42 (7213 turns).

GigaChad the Carver (Minotaur Fighter)              Turns: 7213, Time: 00:31:44

Health: -1/88      AC: 27    Str: 24    XL:     10   Next: 12%
Magic:  16/18      EV:  8    Int:  5    God:    Xom [*.....]
Gold:   466        SH: 11    Dex: 14    Spells: 9/9 levels left

rFire   + . .      SeeInvis .   o - +0 scimitar
rCold   + . .      Faith    .   c - +1 buckler
rNeg    + . .      Spirit   .   l - +10 plate armour "Utuajiuph" {rF+ Str+3}
rPois   .          Reflect  .   (helmet restricted)
rElec   .          Harm     .   k - +2 cloak
rCorr   .          Rampage  .   (no gloves)
Will    .....                   (no boots)
Stlth   ..........              (no amulet)
HPRegen 0.24/turn               s - ring of magical power
MPRegen 0.16/turn               v - ring of positive energy

@: unable to read
A: horns 2, retaliatory headbutt, large bone plates 1, cold resistance 1,
mutation resistance 1, inability to read while threatened, MP-powered wands
a: Renounce Religion


You were on level 10 of the Dungeon.
You worshipped Xom.
You were a special plaything of Xom.
You visited 2 branches of the dungeon, and saw 11 of its levels.
You also visited: Sewer and Ossuary.

You collected 466 gold pieces.

Inventory:

Hand Weapons
 a - a +0 long sword
 o - a +0 scimitar (weapon)
 p - a +4 halberd of chaos
 x - a +0 battleaxe
 A - a +0 battleaxe
 H - a +0 shortbow
 M - a +2 hand axe of electrocution
 Q - a +0 vampiric halberd
Missiles
 B - 3 boomerangs of dispersal (quivered)
 I - 97 arrows
 P - a throwing net
Armour
 b - a +0 scale mail
 c - a +1 buckler (worn)
 k - a +2 cloak (worn)
 l - the +10 plate armour "Utuajiuph" (worn) {rF+ Str+3}
   (You acquired it on level 3 of the Dungeon)

   Str:       It affects your strength (+3).
   rF:        It protects you from fire.
 y - a +1 plate armour
 F - an orb of mayhem
 L - a +0 plate armour
 O - the +4 leather armour of the Blind Marksman {rF+ Will- Dex+3 Stlth+}
   (You found it on level 8 of the Dungeon)

   Dex:       It affects your dexterity (+3).
   rF:        It protects you from fire.
   Will:      It decreases your willpower.
   Stlth:     It makes you more stealthy.
Jewellery
 s - a ring of magical power (left hand)
 v - a ring of positive energy (right hand)
Wands
 m - a wand of digging (8)
 w - a wand of iceblast (12)
 D - a wand of mindburst (8)
 J - a wand of flame (20)
 N - a wand of acid (3)
Scrolls
 h - 3 scrolls of amnesia
 i - a scroll of teleportation
 j - a scroll of magic mapping
 u - a scroll of enchant weapon {unknown}
 z - a scroll of brand weapon {unknown}
 K - a scroll of vulnerability
Potions
 d - 3 potions of might
 e - 4 potions of curing
 f - a potion of berserk rage
 g - a potion of invisibility {unknown}
 n - a potion of brilliance {unknown}
 q - 2 potions of heal wounds {unknown}
 r - a potion of resistance {unknown}
 t - a potion of flight {unknown}
 C - a potion of lignification {unknown}
 E - a potion of attraction {unknown}
 G - a potion of haste


   Skills:
 + Level 7.8 Fighting
 + Level 11.7 Long Blades
 + Level 9.0 Armour
 + Level 2.5 Dodging
 + Level 1.3 Stealth
 + Level 8.0 Shields


You had 9 spell levels left.
You didn't know any spells.
Your spell library contained the following spells:

 Spells                   Type           Power      Damage    Failure   Level
 Gell's Gravitas          Tloc           0%         N/A       100%        3
 Teleport Other           Tloc           0%         N/A       100%        3
 Dispersal                Tloc           0%         N/A       100%        6


Dungeon Overview and Level Annotations

Branches:
Dungeon (10/15)            Temple (1/1) D:5           Sewer (visited)
Ossuary (visited)
   Lair: D:8-11         Orc: D:9-12

Altars:
Ashenzari
Dithmenos
Elyvilon
Hepliaklqana
Nemelex Xobeh
Xom

Shops:
D:2 ?   D:4 =   D:5 =   D:7 *

Annotations:
D:9 Harold


Innate Abilities, Weirdness & Mutations

You have a pair of horns on your head.
You reflexively headbutt those who attack you in melee.
You are partially covered in large bone plates. (SH +4)
Your flesh is cold resistant. (rC+)
You are somewhat resistant to further mutation.
You sometimes lose the ability to read scrolls when taking damage.
You expend magic power (3 MP) to strengthen your wands.


Message History

You barely miss the six-headed hydra.
The six-headed hydra is lightly wounded.
The six-headed hydra bites you but does no damage. x2
The six-headed hydra bites you!
* * * LOW HITPOINT WARNING * * *
The six-headed hydra bites you!
* * * LOW HITPOINT WARNING * * *
The six-headed hydra barely misses you.
The six-headed hydra closely misses you.
Aiming: Mindburst
Press: ? - help, Shift-Dir - straight line, f - six-headed hydra
Aim: a six-headed hydra (magical condensation, lightly wounded, chance to affect: 37%)
You feel a surge of power!
The six-headed hydra easily resists.
The six-headed hydra bites you but does no damage.
The six-headed hydra bites you!
* * * LOW HITPOINT WARNING * * *
The six-headed hydra bites you.
* * * LOW HITPOINT WARNING * * *
The six-headed hydra bites you but does no damage. x2
The six-headed hydra misses you.
A centaur warrior zombie comes into view.
You barely miss the centaur warrior zombie.
The six-headed hydra bites you.
* * * LOW HITPOINT WARNING * * *
The six-headed hydra bites you but does no damage.
The six-headed hydra bites you.
* * * LOW HITPOINT WARNING * * *
The six-headed hydra bites you but does no damage. x2
You block the six-headed hydra's attack.
The centaur warrior zombie hits you but does no damage.
The centaur warrior zombie kicks you but does no damage.
You barely miss the six-headed hydra. You headbutt the six-headed hydra!
The six-headed hydra is lightly wounded.
The centaur warrior zombie hits you but does no damage.
The centaur warrior zombie kicks you.
* * * LOW HITPOINT WARNING * * *
The six-headed hydra bites you but does no damage.
The six-headed hydra bites you.
You die...
Xom bursts into laughter!

############
...........
#######☼§......#
.......§§§.....#
#######○.......#
######........#
.......D.......
######.@.......
......#Z.......
#####.....###.#
.....## ##
.....## ###..##
##. ##


You could see a six-headed hydra and a centaur warrior zombie.

Vanquished Creatures
  A kobold demonologist (D:8)
  A hornet (D:7)
  A hornet (shapeshifter) (D:7)
  A shadow (D:9)
  Grum (D:8)
  A wraith (D:8)
  Menkaure (D:6)
  3 water moccasins
  A black bear (D:5)
  A sky beast (D:7)
  An orc warrior (D:7)
  An ogre (D:6)
  3 wolves (D:8)
  4 centaurs
  2 phantoms
  A kobold brigand (D:9)
  4 bullfrogs
  A wyvern zombie (D:7)
  A killer bee (D:9)
  A centaur zombie (D:9)
  An orc priest (D:8)
  3 hounds
  2 centaur skeletons (D:5)
  3 jellies
  2 iguanas
  2 gnoll shamans (D:8)
  4 orc wizards
  Natasha (twice) (D:2)
  A howler monkey zombie (D:5)
  15 gnolls
  7 adders
  2 shadow imps (D:7)
  A white imp (D:7)
  2 worms (D:3)
  17 orcs
  8 bats
  10 endoplasms
  4 giant cockroaches
  4 goblins
  7 hobgoblins
  2 jackals (D:1)
  5 kobolds
  3 quokkas
  7 ball pythons
  A frilled lizard (Sewer)
  5 rats
151 creatures vanquished.

Vanquished Creatures (collateral kills)
  3 orc warriors (D:5)
  Natasha (D:2)
  An orc wizard (D:5)
  2 gnolls (D:3)
  12 orcs (D:5)
  A giant cockroach (D:3)
  A kobold (D:2)
21 creatures vanquished.

Vanquished Creatures (others)
  A plant (Sewer)
1 creature vanquished.

Grand Total: 173 creatures vanquished

Notes
Turn   | Place    | Note
-------+----------+-------------------------------------------
     0 | D:1      | GigaChad the Minotaur Fighter began the quest for the Orb.
     0 | D:1      | Reached XP level 1. HP: 19/19 MP: 0/0
    17 | D:1      | Found a faded altar of an unknown god.
    27 | D:1      | Prayed at the altar of an unknown god.
    27 | D:1      | Became a worshipper of Xom of Chaos
    42 | D:1      | XOM: potion effect (curing)
   112 | D:1      | Reached XP level 2. HP: 27/27 MP: 1/1
   420 | D:1      | Reached skill level 3 in Long Blades
   452 | D:1      | Reached XP level 3. HP: 27/33 MP: 2/2
   558 | D:2      | Noticed Natasha
   559 | D:2      | XOM: summons 2 friendly demons
   568 | D:2      | Killed Natasha
   620 | D:2      | XOM: scenery: create altars
   761 | D:2      | Found Licvoaxt's Magic Scroll Shop.
   792 | D:2      | Noticed Natasha
   805 | D:2      | Killed Natasha
   806 | D:2      | Reached XP level 4. HP: 10/41 MP: 3/3
  1437 | D:2      | Noticed Natasha
  1449 | D:2      | Killed Natasha
  1745 | D:2      | XOM: god gift: scimitar {god gift}
  1828 | D:3      | XOM: stealth player
  1901 | D:3      | Found a shadowy altar of Dithmenos.
  1940 | D:3      | XOM: summons 4 friendly demons
  1946 | D:3      | Reached skill level 1 in Dodging
  1952 | D:3      | Reached XP level 5. HP: 38/47 MP: 4/4
  2149 | D:3      | Identified a scroll of acquirement
  2149 | D:3      | Acquired the +10 plate armour "Utuajiuph" {rF+ Str+3}
  2302 | D:3      | Found a glowing drain.
  2314 | D:3      | Reached skill level 4 in Long Blades
  2351 | D:3      | XOM: scenery: create altars
  2363 | Sewer    | Entered a sewer
  2382 | Sewer    | Reached skill level 5 in Armour
  2484 | D:3      | XOM: cloud trail
  2652 | D:4      | XOM: chaos upgrade
  2668 | D:4      | Reached XP level 6. HP: 26/55 MP: 5/5
  2674 | D:4      | XOM: confusion
  2733 | D:4      | Reached skill level 5 in Fighting
  2733 | D:4      | Reached skill level 5 in Long Blades
  3025 | D:4      | Found Bughe's Jewellery Emporium.
  3102 | D:4      | Found a sand-covered staircase.
  3140 | Ossuary  | Entered an ossuary
  3189 | D:4      | Reached skill level 5 in Shields
  3247 | D:4      | XOM: summons 4 hostile demons
  3248 | D:4      | Noticed an orange demon
  3677 | D:5      | Entered Level 5 of the Dungeon
  3702 | D:5      | Found Awky's Jewellery Boutique.
  3725 | D:5      | Reached XP level 7. HP: 58/61 MP: 6/6
  3747 | D:5      | Found a staircase to the Ecumenical Temple.
  3818 | D:5      | XOM: confusion
  3830 | D:5      | Reached skill level 6 in Long Blades
  3834 | D:5      | XOM: summons 1 hostile shadow creature
  4014 | D:5      | Reached skill level 7 in Long Blades
  4140 | D:5      | XOM: cloud trail
  4243 | D:5      | Found a runed translucent door.
  4282 | D:5      | Reached XP level 8. HP: 61/70 MP: 7/7
  4286 | D:5      | XOM: blink monster(s)
  4299 | D:5      | Reached skill level 8 in Long Blades
  4412 | D:5      | XOM: give mutations
  4412 | D:5      | Gained mutation: You sometimes lose the ability to read
                  | scrolls when taking damage. [Xom's mischief]
  4412 | D:5      | Gained mutation: You have large cloven feet. [Xom's
                  | mischief]
  4412 | D:5      | Lost mutation: You have large cloven feet. [Xom's mischief]
  4412 | D:5      | Gained mutation: You are partially covered in large bone
                  | plates. (SH +4) [Xom's mischief]
  4486 | D:5      | XOM: 2-stop teleportation journey
  4504 | Temple   | Entered the Ecumenical Temple
  4655 | D:6      | Noticed Menkaure
  4657 | D:6      | XOM: butterfly on damage
  4659 | D:6      | XOM: cleaving
  4664 | D:6      | XOM: divination: magic mapping
  4665 | D:6      | Killed Menkaure
  4838 | D:6      | XOM: swap monsters
  4840 | D:6      | Noticed a shapeshifter
  4840 | D:6      | an orc priest changed into a shapeshifter
  4840 | D:6      | XOM: polymorph orc priest -> shapeshifter
  4840 | D:6      | Noticed a jumping spider
  4840 | D:6      | a shapeshifter changed into a jumping spider
  4845 | D:6      | a jumping spider changed into something unseen
  4846 | D:6      | XOM: enchant monster (good)
  4857 | D:6      | Noticed a hornet
  4863 | D:6      | XOM: confusion
  4876 | D:7      | Killed a hornet
  4877 | D:7      | Reached skill level 9 in Long Blades
  5267 | D:7      | Reached XP level 9. HP: 77/78 MP: 8/8
  5404 | D:7      | XOM: potion effect (invisibility)
  5505 | D:7      | Found Von Dili's Island Escapes.
  5586 | D:7      | Reached skill level 10 in Long Blades
  5653 | D:7      | XOM: cleaving
  5960 | D:8      | XOM: potion effect (curing)
  5968 | D:8      | Reached skill level 1 in Stealth
  6030 | D:8      | Noticed a kobold demonologist
  6039 | D:8      | XOM: confuse monster(s)
  6047 | D:8      | Killed a kobold demonologist
  6048 | D:8      | Reached skill level 11 in Long Blades
  6147 | D:8      | Identified the +4 leather armour of the Blind Marksman {rF+
                  | Will- Dex+3 Stlth+}
  6172 | D:8      | XOM: 3-stop teleportation journey
  6281 | D:8      | XOM: stat loss: -1 Str (23/24)
  6293 | D:8      | Noticed Grum
  6310 | D:8      | XOM: summons 5 hostile demons
  6349 | D:8      | Killed Grum
  6454 | D:8      | XOM: swap monsters
  6840 | D:8      | XOM: give mutations
  6840 | D:8      | Gained mutation: You are somewhat resistant to further
                  | mutation. [Xom's grace]
  6840 | D:8      | Gained mutation: You expend magic power (3 MP) to
                  | strengthen your wands. [Xom's grace]
  6840 | D:8      | Gained mutation: Your flesh is cold resistant. (rC+) [Xom's
                  | grace]
  6892 | D:8      | Reached XP level 10. HP: 82/86 MP: 9/9
  6901 | D:9      | Noticed Harold
  7120 | D:8      | XOM: silly message
  7189 | D:9      | Noticed a five-headed hydra
  7193 | D:9      | Noticed a brown ugly thing
  7198 | D:9      | XOM: enchant monster (good)
  7202 | D:10     | Entered Level 10 of the Dungeon
  7203 | D:10     | XOM: smoke on damage
  7208 | D:10     | HP: 4/88 [six-headed hydra (1)]
  7213 | D:10     | HP: 2/88 [centaur warrior zombie (1)]
  7213 | D:10     | Slain by a six-headed hydra

Illustrated notes

Levels and vault maps discovered:
D:1:      ebering_trefoil_twist, layout_rooms, basic_ecumenical_altar,
          serial_shops, nicolae_diamond_shop, minmay_tromino_v2
D:2:      layout_basic, serial_shops, shop, kennysheep_generic_room_10,
          uniq_natasha
D:3:      layout_basic, lemuel_coloured_pillars_altar,
          cheibrodos_sewer_entry_bend
D:4:      layout_rooms, nicolae_ossuary_entry_monument, serial_shops,
          nicolae_shop_hallway_plus, grunt_ministairs_8, minmay_distorted
D:5:      layout_rooms, minmay_temple_entry_slanted,
          minmay_shop_enchanted_jewellery, hangedman_decor_opposing, hex_large,
          lightli_church_of_beogh
D:6:      layout_cave_pools, uniq_menkaure
D:7:      layout_basic, nicolae_island_escapes
D:8:      minmay_distorted_concentric_squares, layout_basic, uniq_grum
D:9:      nzn_winding_woodlands_stair_cross
          [nzn_winding_woodlands_5x15_sidewinder,
          nzn_winding_woodlands_center_triple_pond,
          nzn_winding_woodlands_5x15_jagged, nzn_winding_woodlands_5x5_three,
          nzn_winding_woodlands_5x5_closed_star,
          nzn_winding_woodlands_5x15_cabin,
          nzn_winding_woodlands_center_diamonds,
          nzn_winding_woodlands_5x15_twine], layout_basic, uniq_harold
D:10:     minmay_the_grid_octo_triangle [minmay_the_grid_octo_fan_narrow,
          minmay_the_grid_octo_prize_big_c, minmay_the_grid_octo_horde],
          layout_basic, corexii_corridor_pit
Temple:   mainiacjoe_temple_trianglar_array

Skill      XL: |  1  2  3  4  5  6  7  8  9 10 |
---------------+-------------------------------+-----
Armour         | 4 5 6 7 8 9 |  9.0
Fighting       | 4 5 6 7 |  7.8
Long Blades    | 3 4 5 7 9 11 | 11.7
Shields        | 4 5 6 7 8 |  8.0
Dodging        | 1 2 |  2.5
Stealth        | 1 |  1.3

Action                   |  1- 3 |  4- 6 |  7- 9 | 10-12 || total
-------------------------+-------+-------+-------+-------++-------
Melee: Long sword        |    71 |    12 |       |       ||    83
       Headbutt          |     7 |    17 |    43 |     9 ||    76
       Scimitar          |       |   137 |   268 |    30 ||   435
Evoke: Wand              |       |       |     2 |     1 ||     3
  Use: Scroll            |     1 |     8 |     3 |       ||    12
 Stab: Confused          |       |       |     2 |       ||     2
       Invisible         |       |       |     1 |       ||     1
Armor: Scale mail        |    48 |    16 |       |       ||    64
       Plate armour      |       |    99 |   297 |    41 ||   437
Dodge: Dodged            |    38 |    60 |   134 |    11 ||   243
Block: Buckler           |    26 |    54 |   194 |    40 ||   314
